 Dungeon Crawl Stone Soup version 0.29.1-1-gd02db6906a (webtiles) character file.

Game seed: 17087999487674653665

31063 Icepheonix32 the Severer (level 13, 0/109 HPs)
             Began as a Minotaur Fighter on Sept 18, 2022.
             Was an Elder of Hepliaklqana.
             Slain by a komodo dragon (13 damage)
             ... on level 2 of the Lair of Beasts.
             The game lasted 00:24:19 (15152 turns).

Icepheonix32 the Severer (Minotaur Fighter)        Turns: 15152, Time: 00:24:20

Health: 0/109      AC: 16    Str: 28    XL:     13   Next: 23%
Magic:  0/25       EV: 12    Int:  5    God:    Hepliaklqana [****..]
Gold:   853        SH:  0    Dex: 10    Spells: 12/12 levels left

rFire   . . .      SeeInvis .   J - +5 battleaxe (flame)
rCold   . . .      Faith    .   (shield currently unavailable)
rNeg    + . .      Spirit   +   B - +2 scale mail {rN+}
rPois   +          Reflect  .   (helmet restricted)
rElec   .          Harm     .   i - +1 cloak {Stlth+}
rCorr   .          Rampage  .   p - +0 pair of gloves
Will    .....                   G - +0 pair of boots
Stlth   ++........              D - amulet of guardian spirit
HPRegen 0.28/turn               A - ring of poison resistance
MPRegen 0.19/turn               n - ring of the Vanishing Xalams {MP+9 Str+2}

@: mighty, hasted, studying Axes, very quick
A: reduced essence, horns 2, retaliatory headbutt
a: Renounce Religion, Recall Ancestor, Ancestor Identity, Transference, Idealise


You were on level 2 of the Lair of Beasts.
You worshipped Hepliaklqana.
Hepliaklqana was greatly pleased with you.
You visited 3 branches of the dungeon, and saw 14 of its levels.

You collected 1245 gold pieces.
You spent 392 gold pieces at shops.

Inventory:

Hand Weapons
 z - the +4 broad axe of Feos {antimagic, Fragile rF++}
   (You found it on level 8 of the Dungeon)

   It reduces the magical energy of the wielder, and disrupts the spells and
   magical abilities of those it strikes.
   Natural abilities and divine invocations are not affected.
   rF:        It greatly protects you from fire.
   Fragile:   It will be destroyed if unequipped.
 J - a +5 battleaxe of flaming (weapon)
Missiles
 g - 13 boomerangs (quivered)
 v - 15 poisoned darts
Armour
 e - a +0 chain mail
 i - a +1 cloak of stealth (worn)
 p - a +0 pair of gloves (worn)
 q - a scarf of invisibility
 s - a +1 scale mail of poison resistance
 x - a +2 troll leather armour {Snorg}
 y - a +0 plate armour
 B - a +2 scale mail of positive energy (worn)
 G - a +0 pair of boots (worn)
Jewellery
 a - a ring of fire
 b - an amulet of regeneration
 f - an amulet of faith
 h - an amulet of the acrobat
 n - the ring of the Vanishing Xalams (right hand) {MP+9 Str+2}
   (You acquired it on level 7 of the Dungeon)

   [ring of magical power]

   Str:       It affects your strength (+2).
   MP:        It affects your magic capacity (+9).
 A - a ring of poison resistance (left hand)
 D - an amulet of guardian spirit (around neck)
 Q - a ring of resist corrosion
 S - a +6 ring of dexterity
Wands
 j - a wand of flame (31)
 K - a wand of roots (1)
 L - a wand of charming (6)
 N - a wand of digging (6)
 O - a wand of light (11)
Scrolls
 k - 9 scrolls of teleportation
 o - 2 scrolls of enchant weapon
 r - a scroll of summoning
 t - 2 scrolls of magic mapping
 C - 4 scrolls of butterflies
 F - 2 scrolls of blinking
 H - 3 scrolls of identify
 I - 2 scrolls of brand weapon
 T - a scroll of enchant armour {unknown}
Potions
 c - a potion of haste
 d - 5 potions of might
 l - a potion of ambrosia
 m - 10 potions of curing
 u - 2 potions of brilliance
 w - a potion of invisibility
 E - 3 potions of lignification
 M - 2 potions of attraction
 P - a potion of resistance {unknown}
 U - 2 potions of magic {unknown}


   Skills:
 + Level 13.0 Fighting
 * Level 16.9 Axes
 + Level 5.5 Throwing
 + Level 10.2 Armour
 + Level 5.6 Dodging
 + Level 3.3 Stealth
 + Level 4.8 Shields
 + Level 5.8 Invocations
 + Level 8.1 Evocations


You had 12 spell levels left.
You didn't know any spells.
Your spell library contained the following spells:

 Spells                   Type           Power      Damage    Failure   Level
 Slow                     Hex            0%         N/A       69%         1
 Sting                    Tmut/Pois      0%         1d3       69%         1
 Ensorcelled Hibernation  Hex/Ice        0%         N/A       83%         2
 Passwall                 Tmut/Erth      0%         N/A       83%         2
 Poisonous Vapours        Pois/Air       0%         N/A       83%         2
 Call Canine Familiar     Summ           0%         N/A       96%         3
 Confusing Touch          Hex            0%         N/A       96%         3
 Conjure Flame            Conj/Fire      0%         6-21      96%         3
 Ignite Poison            Fire/Tmut/Pois 0%         N/A       96%         3
 Portal Projectile        Hex/Tloc       0%         N/A       96%         3
 Swiftness                Air            0%         N/A       96%         3
 Vampiric Draining        Necr           0%         2d6       96%         3
 Airstrike                Air            0%         2d(0-16)  100%        4
 Animate Dead             Necr           0%         N/A       100%        4
 Corpse Rot               Necr/Pois/Air  0%         N/A       100%        4
 Leda's Liquefaction      Hex/Erth       0%         N/A       100%        4
 Olgreb's Toxic Radiance  Pois           0%         N/A       100%        4
 Sticky Flame             Conj/Fire      0%         2d3       100%        4
 Summon Lightning Spire   Summ/Air       0%         N/A       100%        4
 Lightning Bolt           Conj/Air       0%         1d11      100%        5
 Haunt                    Necr/Summ      0%         N/A       100%        7
 Infestation              Necr           0%         N/A       100%        8


Dungeon Overview and Level Annotations

Branches:
Dungeon (11/15)            Temple (1/1) D:6            Lair (2/5) D:11
  Swamp (0/4) Lair:2
  Snake: Lair:2-3    Spider: Lair:2-3       Orc: D:9-12

Altars:
Ashenzari
Cheibriados
Dithmenos
Elyvilon
Fedhas
Gozag
Hepliaklqana
Kikubaaqudgha
Makhleb
Nemelex Xobeh
Okawaru
Qazlal
Ru
Sif Muna
Trog
Uskayaw
Vehumet
Wu Jian
Xom
Yredelemnul
Zin
The Shining One

Shops:
D:7 [


Innate Abilities, Weirdness & Mutations

Your life essence is reduced to manifest your ancestor. (-10% HP)
You have a pair of horns on your head.
You reflexively headbutt those who attack you in melee.


Message History

You feel yourself speed up.
You hit Valamore's ghost but do no damage.
You headbutt Valamore's ghost, but do no damage.
Valamore's ghost is lightly damaged.
You slash Valamore's ghost! You burn Valamore's ghost.
Valamore's ghost is heavily damaged.
Valamore's ghost hits you!!
* * * LOW HITPOINT WARNING * * *
You are electrocuted!
* * * LOW HITPOINT WARNING * * *
Unknown command.
You feel much better.
Valamore's ghost says, "I'll split you in two!"
Valamore's ghost hits you but does no damage.
You barely miss Valamore's ghost.
Valamore's ghost is moderately damaged.
You slice Valamore's ghost!! You burn Valamore's ghost.
Valamore's ghost is severely damaged.
Valamore's ghost hits you but does no damage.
You are electrocuted!!
* * * LOW HITPOINT WARNING * * *
You hit Valamore's ghost but do no damage.
You headbutt Valamore's ghost, but do no damage.
Valamore's ghost is severely damaged.
You barely miss Valamore's ghost. Your headbutt misses Valamore's ghost.
Valamore's ghost is severely damaged.
Valamore's ghost hits you.
* * * LOW HITPOINT WARNING * * *
You feel very mighty all of a sudden. Valamore's ghost misses you.
You slash Valamore's ghost! You burn Valamore's ghost.
You headbutt Valamore's ghost!
You destroy Valamore's ghost!
You barely miss the komodo dragon.
The komodo dragon is lightly wounded.
You hit the komodo dragon. You burn the komodo dragon.
You headbutt the komodo dragon.
The komodo dragon is moderately wounded.
The komodo dragon bites you!
You die...

.## #####............#
..###..##..#.##.#.#.##
...........##########
...........##########
##...####....##.##.P###
##...##P.......>.....P#
#...#................##
##..##.#########.#..##
#....#.#.# #..#@.###
##..#..#F.####.#l##
#..##.##!.#...(†#####
##.....#.[.#...'.....##
#...#P.##!...#.'.....P#
.......#..##.#.#.#.####
.......#.#.....#.###
...##..#########.####
.^###............##.###


You could see a komodo dragon.

Vanquished Creatures
  A minotaur (Lair:2)
  Snorg (D:11)
  The ghost of Valamore the Severer, a journeyman VSBe of Trog (Lair:2)
  4 hydras
  2 boulder beetles (D:11)
  A two-headed ogre (D:11)
  A deep elf pyromancer (D:8)
  A spectral boulder beetle (D:10)
  2 cyclopes
  2 black mambas
  A kobold demonologist (D:8)
  Psyche (D:11)
  2 komodo dragons
  A rime drake (Lair:2)
  6 cane toads
  4 centaur skeletons (D:10)
  A troll (D:9)
  A polar bear (Lair:1)
  A snapping turtle (Lair:2)
  10 flying skulls (D:10)
  Sigmund (D:6)
  3 shadows (D:10)
  2 vampires
  7 wraiths
  16 yaks
  4 wyverns
  6 vampire mosquitoes
  4 basilisks
  A steam dragon (D:7)
  5 wargs (D:10)
  A swamp worm (Lair:2)
  7 water moccasins
  Duvessa (D:6)
  A hell hound (D:10)
  An orc warrior (D:6)
  3 ice beasts
  A sky beast (D:8)
  2 black mamba simulacra (D:10)
  4 black bears
  9 wolves
  3 boulder beetle simulacra (D:10)
  11 ogres
  A phantom (D:6)
  A kobold brigand (D:10)
  7 bullfrogs
  A gnoll sergeant (D:8)
  A necrophage (D:8)
  A scorpion (D:4)
  8 wights
  Dowan (D:6)
  4 killer bees (D:7)
  6 howler monkeys
  3 vampire bats (D:7)
  2 hounds
  2 centaur zombies (D:10)
  4 crimson imps (D:10)
  2 jellies (D:5)
  5 orc priests
  7 iguanas
  5 orc wizards
  2 hell rats (D:10)
  A howler monkey skeleton (D:10)
  18 gnolls
  10 adders
  A white imp (D:5)
  A howler monkey simulacrum (D:10)
  A worm (D:3)
  6 dart slugs
  31 orcs
  5 bats
  4 bat skeletons (D:7)
  3 bat zombies (D:7)
  9 endoplasms
  5 giant cockroaches
  4 goblins
  9 hobgoblins
  10 jackals
  8 quokkas
  4 ball pythons
  7 frilled lizards
  9 kobolds
  3 rats (D:1)
349 creatures vanquished.

Vanquished Creatures (collateral kills)
  Lodul (D:11)
  A komodo dragon (Lair:2)
  An unseen horror skeleton (D:10)
  A flying skull (D:10)
  A wraith (D:10)
  2 vampire mosquitoes
  A water moccasin (D:11)
  An orc warrior (D:11)
  3 ogres (D:11)
  A gnoll sergeant (D:9)
  A bullfrog (D:7)
  A killer bee (D:7)
  A gnoll bouda (D:7)
  A howler monkey skeleton (D:10)
  3 gnolls
  A howler monkey simulacrum (D:10)
  3 orcs
  3 kobolds (D:10)
27 creatures vanquished.

Vanquished Creatures (others)
  A wight (D:6)
  5 hexers
  2 ancestors (D:6)
  3 orcs
  29 fungi
  37 plants
77 creatures vanquished.

Grand Total: 453 creatures vanquished

Notes
Turn   | Place    | Note
-------+----------+-------------------------------------------
     0 | D:1      | Icepheonix32 the Minotaur Fighter began the quest for the
                  | Orb.
     0 | D:1      | Reached XP level 1. HP: 19/19 MP: 0/0
   264 | D:1      | Reached XP level 2. HP: 20/27 MP: 1/1
   420 | D:1      | Found a faded altar of an unknown god.
   559 | D:1      | Reached XP level 3. HP: 25/34 MP: 2/2
  1226 | D:2      | Reached skill level 3 in Axes
  1773 | D:2      | Reached XP level 4. HP: 41/41 MP: 3/3
  2968 | D:4      | Reached skill level 1 in Throwing
  2968 | D:4      | Reached XP level 5. HP: 40/47 MP: 4/4
  3186 | D:4      | Reached skill level 5 in Fighting
  3186 | D:4      | Reached skill level 4 in Axes
  3186 | D:4      | Reached skill level 1 in Evocations
  3461 | D:4      | Found an opulent altar of Gozag.
  3509 | D:4      | Reached XP level 6. HP: 44/56 MP: 5/5
  3717 | D:4      | Reached skill level 1 in Dodging
  3890 | D:4      | Found a hazy altar of Hepliaklqana.
  4017 | D:4      | Became a worshipper of Hepliaklqana the Forgotten
  4059 | D:5      | Entered Level 5 of the Dungeon
  4297 | D:5      | Found a sacrificial altar of Ru.
  4408 | D:5      | Noticed an ice beast
  4425 | D:5      | Killed an ice beast
  4426 | D:5      | Reached XP level 7. HP: 33/62 MP: 6/6
  4729 | D:5      | Found a hide-covered altar of Uskayaw.
  5153 | D:6      | Reached skill level 5 in Axes
  5153 | D:6      | Reached skill level 5 in Armour
  5437 | D:6      | Reached XP level 8. HP: 62/71 MP: 7/7
  5668 | D:6      | Reached * piety under Hepliaklqana
  5675 | D:6      | Noticed Sigmund
  5685 | D:6      | Killed Sigmund
  5686 | D:6      | Reached skill level 5 in Throwing
  5688 | D:6      | Noticed Duvessa
  5694 | D:6      | Noticed Dowan
  5698 | D:6      | Killed Duvessa
  5711 | D:6      | Killed Dowan
  5712 | D:6      | Reached skill level 6 in Axes
  5755 | D:6      | Found a staircase to the Ecumenical Temple.
  5783 | Temple   | Entered the Ecumenical Temple
  6402 | D:6      | Reached XP level 9. HP: 34/71 MP: 8/8
  6696 | D:7      | Reached skill level 7 in Axes
  7062 | D:7      | Found an ancient bone altar of Kikubaaqudgha.
  7142 | D:7      | Identified a scroll of acquirement
  7142 | D:7      | Acquired the ring of the Vanishing Xalams {MP+9 Str+2}
  7215 | D:7      | Found Nuvvomah's Antique Armour Shop.
  7220 | D:7      | Bought a shiny scale mail for 196 gold pieces
  7506 | D:7      | Found a large runed translucent door.
  7506 | D:7      | Found a large runed translucent door.
  7535 | D:7      | Reached skill level 1 in Stealth
  7627 | D:7      | Reached skill level 8 in Axes
  7633 | D:7      | Reached XP level 10. HP: 36/81 MP: 6/9
  8106 | D:7      | Found a sparkling altar of Nemelex Xobeh.
  8114 | D:7      | Found a burning altar of Makhleb.
  8193 | D:8      | Noticed an eight-headed hydra
  8195 | D:8      | Noticed a deep elf pyromancer
  8196 | D:8      | Noticed a cyclops
  8204 | D:8      | Killed a five-headed hydra
  8205 | D:8      | Reached skill level 9 in Axes
  8205 | D:8      | Reached skill level 5 in Evocations
  8209 | D:8      | Killed a cyclops
  8226 | D:8      | Noticed a rust devil
  8247 | D:8      | Killed a deep elf pyromancer
  8496 | D:8      | Identified the +4 broad axe of Feos {antimagic, Fragile
                  | rF++}
  8604 | D:8      | Reached ** piety under Hepliaklqana
  8630 | D:8      | Reached skill level 10 in Axes
  8690 | D:8      | Reached skill level 10 in Fighting
  8879 | D:8      | Remembered your ancestor Mirna as a hexer
  9093 | D:9      | Reached skill level 1 in Invocations
  9093 | D:9      | Reached XP level 11. HP: 65/89 MP: 10/10
  9562 | D:9      | Found a stormy altar of Qazlal.
  9586 | D:9      | Found a blossoming altar of Fedhas.
  9793 | D:9      | Found an ornate altar of the Wu Jian Council.
 10132 | D:10     | Entered Level 10 of the Dungeon
 10156 | D:10     | Reached skill level 11 in Axes
 10361 | D:10     | Reached skill level 12 in Axes
 10485 | D:10     | Found a white marble altar of Elyvilon.
 10594 | D:10     | Found a bloodstained altar of Trog.
 10609 | D:10     | Found an iron altar of Okawaru.
 10735 | D:10     | Reached *** piety under Hepliaklqana
 10836 | D:10     | HP: 1/90 [boulder beetle simulacrum (20)]
 11208 | D:10     | Acquired a manual of Axes
 11336 | D:10     | Found a shimmering altar of Xom.
 11426 | D:10     | Reached skill level 13 in Axes
 11449 | D:10     | Found a basalt altar of Yredelemnul.
 11455 | D:10     | Reached XP level 12. HP: 50/99 MP: 11/13
 12079 | D:11     | Noticed Snorg
 12079 | D:11     | Noticed Psyche
 12085 | D:11     | Killed Snorg
 12087 | D:11     | Killed Psyche
 12182 | D:7      | Bought a glowing scale mail for 196 gold pieces
 12267 | D:11     | Found a staircase to the Lair.
 12285 | D:11     | Reached skill level 14 in Axes
 12387 | D:11     | Noticed a boulder beetle
 12396 | D:11     | Killed a boulder beetle
 12475 | D:11     | Noticed a boulder beetle
 12481 | D:11     | Noticed a two-headed ogre
 12489 | D:11     | Noticed Lodul
 12490 | D:11     | Killed a two-headed ogre
 12491 | D:11     | Reached skill level 5 in Dodging
 12512 | D:11     | Found a shadowy altar of Dithmenos.
 12535 | D:11     | Killed Lodul
 12574 | D:11     | Killed a boulder beetle
 12575 | D:11     | Reached skill level 15 in Axes
 12575 | D:11     | Reached skill level 5 in Invocations
 12829 | D:11     | Noticed a five-headed hydra
 12835 | D:11     | Killed a one-headed hydra
 13104 | Lair:1   | Entered Level 1 of the Lair of Beasts
 13154 | Lair:1   | Reached skill level 10 in Armour
 13647 | Lair:1   | Reached **** piety under Hepliaklqana
 14094 | Lair:2   | Noticed an eight-headed hydra
 14099 | Lair:2   | Killed a six-headed hydra
 14100 | Lair:2   | Noticed a four-headed hydra
 14110 | Lair:2   | Killed a one-headed hydra
 14111 | Lair:2   | Reached skill level 16 in Axes
 14111 | Lair:2   | Reached XP level 13. HP: 72/107 MP: 16/16
 14247 | Lair:2   | Found a staircase to the Swamp.
 14593 | Lair:2   | Noticed a minotaur
 14600 | Lair:2   | Noticed Valamore's ghost (journeyman VSBe)
 14630 | Lair:2   | Found a runed translucent gate.
 14635 | Lair:2   | Found a runed translucent gate.
 14635 | Lair:2   | Found a runed translucent gate.
 15134 | Lair:2   | Killed a minotaur
 15150 | Lair:2   | Killed Valamore's ghost
 15152 | Lair:2   | Slain by a komodo dragon

Illustrated notes

Levels and vault maps discovered:
D:1:      minmay_arrival_stone_box, layout_basic,
          dreamdust_ecumenical_altar_grove, minmay_tetromino_s2
D:2:      layout_loops_ring
D:3:      layout_loops_ring, dreamdust_mushroom_princess, minmay_misc_feat_room
D:4:      layout_loops_corners, nicolae_gozag_seed_capital,
          mainiacjoe_overflow_alcove_4, serial_forest,
          infiniplex_forest_clump_small, infiniplex_forest_lined_1,
          infiniplex_forest_straight_2, infiniplex_forest_lined_corner,
          infiniplex_forest_lined_2, infiniplex_forest_clump_small,
          infiniplex_forest_end_1, infiniplex_forest_lined_room_,
          infiniplex_forest_fountain, infiniplex_forest_end_3
D:5:      layout_rooms, nicolae_ru_great_annihilating_truth,
          mainiacjoe_overflow_tiny_flanked
D:6:      layout_basic, minmay_temple_entry_mini_moons, minmay_small_thing,
          uniq_sigmund, uniq_duvessa
D:7:      layout_loops_ring, kennysheep_vampire_church, jmf_multi_god_temple2,
          serial_shops, nicolae_diamond_shop, nicolae_figureground_sparkle
D:8:      minmay_bloctagon_deflated, layout_rooms
D:9:      layout_loops_corners, grunt_temple_overflow_forces_of_nature,
          nzn_wu_jian_contemplation, roderic_roman_lattice, serial_park_tiny_1,
          minmay_misc_feat_roman
D:10:     lemuel_vampire_tower, layout_cave_pools, mainiacjoe_overflow_brackets,
          led_xom_imps, mainiacjoe_overflow_catwalk,
          mainiacjoe_overflow_24_doors
D:11:     layout_roguey, due_lair_maze_entry_diamond,
          nicolae_dithmenos_shadow_blocks, uniq_snorg, uniq_lodul, uniq_psyche
Temple:   hellmonk_temple_beads
Lair:1:   layout_cave_pods, infiniplex_staircase_pool_2, serial_bayou_shore_b,
          grunt_megastairs_5
Lair:2:   layout_small_grid, palyth_hydra_swamp_entry,
          maelrawn_ghost_gauntlet_escape

Skill      XL: |  1  2  3  4  5  6  7  8  9 10 11 12 13 |
---------------+----------------------------------------+-----
Fighting       | 4 5 6 7 8 10 11 12 13 | 13.0
Shields        | 4 |  4.8
Axes           | 3 4 5 6 8 10 13 16 | 16.9
Armour         | 4 5 6 7 9 10 | 10.2
Throwing       | 1 2 3 4 5 |  5.5
Evocations     | 1 2 3 4 6 7 8 |  8.1
Dodging        | 1 2 3 4 5 |  5.6
Stealth        | 1 2 3 |  3.3
Invocations    | 1 3 5 |  5.8

Action                   |  1- 3 |  4- 6 |  7- 9 | 10-12 | 13-15 || total
-------------------------+-------+-------+-------+-------+-------++-------
Melee: War axe           |    89 |    77 |    65 |       |       ||   231
       Headbutt          |    12 |    11 |    30 |    69 |    10 ||   132
       Battleaxe         |       |       |   108 |   384 |    46 ||   538
Throw: Boomerang         |    13 |   146 |    31 |       |       ||   190
Invok: Recall Ancestor   |       |       |       |     5 |       ||     5
       Ancestor Life: He |       |       |       |     1 |       ||     1
Evoke: Wand              |       |       |       |       |     4 ||     4
  Use: Scroll            |     1 |     1 |     9 |     9 |       ||    20
       Potion            |       |       |    11 |     4 |     3 ||    18
 Stab: Confused          |       |       |       |     7 |     2 ||     9
       Distracted        |       |       |       |     3 |     2 ||     5
       Sleeping          |       |       |       |     2 |       ||     2
Armor: Scale mail        |    48 |    45 |    82 |   192 |    14 ||   381
       Troll leather arm |       |       |       |    26 |       ||    26
Dodge: Dodged            |    40 |    40 |   144 |   223 |    18 ||   465
Block: Buckler           |    16 |    22 |    24 |       |       ||    62
